[Event "Israel Youth-ch U18 2025"]
[Site "Rishon Le Zion"]
[Date "2025.04.06"]
[Round "2.1"]
[White "Tashkinova, Sofiia"]
[Black "Milikow, Elie"]
[Result "0-1"]
[Annotator "ChessBase"]
[ECO "B31"]
[WhiteElo "2088"]
[BlackElo "2390"]
[PlyCount "83"]
[EventDate "2025.04.03"]
[EventType "tourn"]
[EventCountry "ISR"]
[SourceTitle "playchess.com"]
[Source "ChessBase"]
[SourceQuality "1"]
[TimeControl "5400+30"]

1. e4 c5 2. Nf3 Nc6 3. Bb5 g6 4. O-O Bg7 5. c3 a6 6. Bxc6 dxc6 7. h3 Nf6 8. Re1 O-O 9. d4 cxd4 10. cxd4 c5 11. e5 Nd7 12. Be3 cxd4 13. Bxd4 Nb8 14. Nc3 Nc6 15. Bc5 Be6 16. Nd4 Nxd4 17. Bxd4 Rc8 18. Qd2 Rc6 19. Qe3 Qc7 20. Na4 Qa5 21. b3 Rfc8 22. Nb6 Rd8 23. Na4 Rd5 24. f4 Rc2 25. Rac1 Qc7 26. Nc3 Rxc1 27. Rxc1 Rd7 28. Ne4 Qa5 29. Bb6 Qxa2 30. f5 Bxf5 31. Nf2 Rd5 32. Bd4 Qa5 33. g4 Bd7 34. Nd3 Bc6 35. Nf4 Bxe5 36. Bxe5 Rxe5 37. Qf2 Re4 38. Rd1 Qe5 39. Rd8+ Kg7 40. Nd3 Qa1+ 41. Kh2 g5 42. Qd2 0-1

[Event "Israel Youth-ch U18 2025"]
[Site "Rishon Le Zion"]
[Date "2025.04.06"]
[Round "2.2"]
[White "Brezis, Ari"]
[Black "Orian, Noga"]
[Result "1-0"]
[Annotator "ChessBase"]
[ECO "E12"]
[WhiteElo "2242"]
[BlackElo "2184"]
[PlyCount "105"]
[EventDate "2025.04.03"]
[EventType "tourn"]
[EventCountry "ISR"]
[SourceTitle "playchess.com"]
[Source "ChessBase"]
[SourceQuality "1"]
[TimeControl "5400+30"]

1. d4 Nf6 2. c4 e6 3. a3 b6 4. Nc3 Bb7 5. e3 Be7 6. Nf3 d5 7. cxd5 Nxd5 8. Bb5+ c6 9. Bd3 Nxc3 10. bxc3 Nd7 11. O-O O-O 12. e4 c5 13. Re1 Qc7 14. a4 Rfd8 15. Ba3 Nf6 16. Qd2 Rac8 17. Rac1 Bc6 18. Qc2 h6 19. Ra1 Qb7 20. Qb1 Rc7 21. Bc1 cxd4 22. cxd4 Rcd7 23. Bb2 Bb4 24. Re2 Nh5 25. Qc1 Bd6 26. g3 Rc7 27. Qe3 Rcc8 28. Nh4 Be7 29. Nf3 a6 30. Ne5 Be8 31. Ng4 Bg5 32. f4 Be7 33. Rf1 b5 34. a5 b4 35. f5 Bg5 36. Qf3 exf5 37. Qxf5 Qd7 38. Qf3 Nf6 39. Nxf6+ Bxf6 40. e5 Be7 41. Ref2 Qc6 42. Qf5 g6 43. Qh3 Bg5 44. g4 Qd5 45. Qg3 Rc3 46. Bxc3 bxc3 47. h4 Bd2 48. e6 Qxd4 49. Bxg6 fxg6 50. Qf3 Bb5 51. e7 Bxf1 52. Kxf1 Re8 53. Qf7+ 1-0

[Event "Israel Youth-ch U18 2025"]
[Site "Rishon Le Zion"]
[Date "2025.04.06"]
[Round "2.3"]
[White "Medovoy, Yaniv"]
[Black "Menahem, Adi"]
[Result "0-1"]
[Annotator "ChessBase"]
[ECO "B12"]
[WhiteElo "2129"]
[BlackElo "2170"]
[PlyCount "54"]
[EventDate "2025.04.03"]
[EventType "tourn"]
[EventCountry "ISR"]
[SourceTitle "playchess.com"]
[Source "ChessBase"]
[SourceQuality "1"]
[TimeControl "5400+30"]

1. e4 c6 2. d4 d5 3. e5 Bf5 4. h4 h5 5. Bd3 Bxd3 6. Qxd3 Qa5+ 7. Nd2 e6 8. Ne2 Nh6 9. b3 Nf5 10. Ng3 g6 11. c4 Be7 12. Nxf5 gxf5 13. f4 Na6 14. a3 dxc4 15. bxc4 O-O-O 16. Rb1 Rhg8 17. Kf1 Qa4 18. Bb2 Nc5 19. Qc3 Ne4 20. Nxe4 fxe4 21. Re1 c5 22. Qe3 Qc2 23. Qe2 Qxe2+ 24. Rxe2 cxd4 25. Rxe4 d3 26. Bd4 Bxa3 27. Kf2 Rxd4 0-1

[Event "Israel Youth-ch U18 2025"]
[Site "Rishon Le Zion"]
[Date "2025.04.06"]
[Round "2.4"]
[White "Pevzner, Maks"]
[Black "Uritsky, Yonathan"]
[Result "0-1"]
[Annotator "ChessBase"]
[ECO "E24"]
[WhiteElo "2167"]
[BlackElo "2301"]
[PlyCount "106"]
[EventDate "2025.04.03"]
[EventType "tourn"]
[EventCountry "ISR"]
[SourceTitle "playchess.com"]
[Source "ChessBase"]
[SourceQuality "1"]
[TimeControl "5400+30"]

1. d4 Nf6 2. c4 e6 3. Nc3 Bb4 4. a3 Bxc3+ 5. bxc3 c5 6. f3 Nc6 7. e4 d6 8. Ne2 O-O 9. Ng3 b6 10. Be2 Ba6 11. O-O Na5 12. f4 cxd4 13. cxd4 Nxc4 14. f5 h6 15. Bf4 e5 16. dxe5 dxe5 17. Bxe5 Nxe5 18. Bxa6 Qe7 19. Qd4 Rad8 20. Qb4 Qxb4 21. axb4 Rd4 22. Rfb1 Rfd8 23. Bb5 Ra8 24. Ba6 Rb8 25. Bf1 Rb7 26. b5 Nxe4 27. Nxe4 Rxe4 28. Rd1 Nd7 29. Ra2 Re7 30. Rda1 Nc5 31. Bc4 Rbd7 32. h3 Ne4 33. Re2 Kf8 34. Rea2 Nd2 35. Bf1 Nb3 36. Rb1 Nd4 37. g4 h5 38. Kf2 hxg4 39. hxg4 Re4 40. Rd2 Rxg4 41. Rbd1 Rd5 42. Bd3 Nb3 43. Re2 Nc5 44. Bc2 Rxd1 45. Bxd1 Rf4+ 46. Ke3 Rxf5 47. Kd4 Ne6+ 48. Kc4 Rc5+ 49. Kb4 Nc7 50. Ba4 Nd5+ 51. Kb3 Nc3 52. Rd2 Ke7 53. Kb4 Nxa4 0-1

[Event "Israel Youth-ch U18 2025"]
[Site "Rishon Le Zion"]
[Date "2025.04.06"]
[Round "2.5"]
[White "Vagman, Roy"]
[Black "Meirovich, Ilay"]
[Result "1/2-1/2"]
[Annotator "ChessBase"]
[ECO "B46"]
[WhiteElo "2437"]
[BlackElo "2233"]
[PlyCount "273"]
[EventDate "2025.04.03"]
[EventType "tourn"]
[EventCountry "ISR"]
[SourceTitle "playchess.com"]
[Source "ChessBase"]
[SourceQuality "1"]
[TimeControl "5400+30"]

1. e4 c5 2. Nf3 e6 3. d4 cxd4 4. Nxd4 Nc6 5. Nc3 a6 6. Nxc6 bxc6 7. Bd3 d5 8. O-O Nf6 9. Qf3 Be7 10. e5 Nd7 11. Qg3 g6 12. Bh6 a5 13. b3 Nc5 14. f4 Ba6 15. Bxa6 Rxa6 16. Qh3 Rg8 17. Qf3 Ra7 18. Kh1 Rd7 19. g4 f5 20. exf6 Bxf6 21. Rae1 Qe7 22. Re2 Qd6 23. a3 d4 24. b4 axb4 25. axb4 dxc3 26. bxc5 Qd5 27. Qxd5 cxd5 28. Rxe6+ Kf7 29. Ra6 Rc8 30. g5 Be7 31. f5 gxf5 32. Rxf5+ Kg8 33. c6 Rdc7 34. Rxd5 Rxc6 35. Ra1 Re6 36. Rd7 Kf7 37. Rf1+ Kg6 38. Kg2 Rc4 39. Rf3 Re2+ 40. Kg3 Ree4 41. h3 Rc6 42. Rfd3 Rcc4 43. Rb7 Kf7 44. Rf3+ Ke6 45. Bf8 Bxg5 46. Rb6+ Kd7 47. Ba3 Bh4+ 48. Kg2 Re2+ 49. Kf1 Re1+ 50. Kg2 Re2+ 51. Kg1 Re1+ 52. Rf1 Rxf1+ 53. Kxf1 Rf4+ 54. Ke2 Rf2+ 55. Kd3 Rf3+ 56. Ke4 Rxh3 57. Rb7+ Ke6 58. Rxh7 Rh1 59. Kd3 Rd1+ 60. Kxc3 Bf6+ 61. Kc4 Be5 62. Re7+ Kf5 63. Re8 Rd4+ 64. Kb5 Rd5+ 65. Kc6 Ra5 66. Bb4 Ra4 67. Kd5 Bg3 68. c3 Ra7 69. Rf8+ Kg4 70. c4 Rd7+ 71. Ke4 Rg7 72. c5 Re7+ 73. Kd5 Rd7+ 74. Kc6 Rc7+ 75. Kb6 Re7 76. c6 Bc7+ 77. Ka6 Re4 78. Kb7 Bh2 79. Bc5 Rc4 80. Bb6 Rb4 81. c7 Bxc7 82. Kxc7 Rf4 83. Rg8+ Kf3 84. Bc5 Rf7+ 85. Kc6 Rf5 86. Rg1 Ke4 87. Re1+ Kd3 88. Kb5 Rh5 89. Re3+ Kd2 90. Rg3 Rh4 91. Be3+ Ke2 92. Kc5 Re4 93. Bd4 Re8 94. Kd5 Re7 95. Rg2+ Kf3 96. Rf2+ Kg4 97. Be5 Re8 98. Ke4 Ra8 99. Rg2+ Kh3 100. Rg7 Ra4+ 101. Kf5 Ra5 102. Rg3+ Kh4 103. Rg2 Ra3 104. Rb2 Rd3 105. Bf4 Rd5+ 106. Be5 Rd3 107. Ra2 Rb3 108. Rh2+ Rh3 109. Rd2 Rb3 110. Bd6 Rb5+ 111. Be5 Rb3 112. Kf4 Kh5 113. Rg2 Kh6 114. Rg7 Rb1 115. Ra7 Rf1+ 116. Ke4 Kg6 117. Rg7+ Kh6 118. Rg2 Kh7 119. Bf4 Re1+ 120. Kf5 Rf1 121. Rg4 Rb1 122. Rh4+ Kg8 123. Be5 Rb6 124. Bf6 Kf7 125. Rh7+ Ke8 126. Re7+ Kf8 127. Kg6 Rb1 128. Rd7 Re1 129. Rd8+ Re8 130. Rd1 Re2 131. Rd7 Rg2+ 132. Bg5 Re2 133. Rd4 Re1 134. Kf6 Rf1+ 135. Bf4 Kg8 136. Kg6 Kf8 137. Re4 1/2-1/2